 Dungeon Crawl Stone Soup version 0.23.2 (webtiles) character file.

Game seed: 14764423540684956346

67 Borgoz the Cutter (level 4, -2/27 HPs)
             Began as a Kobold Gladiator on Apr 12, 2019.
             Slain by an orc
             ... wielding a +0 club
              (4 damage)
             ... on level 3 of the Dungeon.
             The game lasted 00:02:17 (1874 turns).

Borgoz the Cutter (Kobold Gladiator)                Turns: 1874, Time: 00:02:18

Health: -2/27      AC:  4    Str: 12    XL:     4   Next: 38%
Magic:  4/4        EV: 17    Int:  9    God:
Gold:   92         SH:  0    Dex: 16    Spells: 3/3 levels left

rFire    . . .     SeeInvis .   a - +0 rapier
rCold    . . .     Gourm    .   (shield restricted)
rNeg     . . .     Faith    .   b - +0 leather armour
rPois    .         Spirit   .   c - +0 helmet
rElec    .         Reflect  .   (no cloak)
rCorr    .         Harm     .   (no gloves)
MR       .....                  (no boots)
Stlth    +.........             (no amulet)
HPRegen  0.09/turn              (no ring)
MPRegen  0.09/turn              (no ring)

@: no status effects
A: small, carnivore
a: no special abilities


You were on level 3 of the Dungeon.
You were completely stuffed.

You visited 1 branch of the dungeon, and saw 3 of its levels.

You collected 92 gold pieces.

Inventory:

Hand Weapons
 a - a +0 rapier (weapon)
Missiles
 d - a throwing net (quivered)
Armour
 b - a +0 leather armour (worn)
 c - a +0 helmet (worn)
Jewellery
 k - an uncursed ring of wizardry {unknown}
 l - a cursed ring of teleportation {unknown}
Scrolls
 g - 2 scrolls of enchant armour {unknown}
 h - 2 scrolls of blinking {unknown}
 m - a scroll of teleportation {unknown}
 o - a scroll of fear {unknown}
 q - a scroll of identify {unknown}
Potions
 e - a potion of ambrosia {unknown}
 i - a potion of might {unknown}
 j - a potion of heal wounds {unknown}
 n - a potion of agility {unknown}
Comestibles
 f - 4 rations
 p - 4 chunks of flesh


   Skills:
 + Level 2.4 Fighting
 + Level 5.0 Short Blades
 + Level 2.3 Throwing
 + Level 0.8 Armour
 + Level 4.5 Dodging
 + Level 0.7 Stealth


You had 3 spell levels left.
You didn't know any spells.
Your spell library was empty.

Dungeon Overview and Level Annotations

Branches:
Dungeon (3/15)

Altars:
Dithmenos
Qazlal
Xom

Annotations:
D:3 Grinder


Innate Abilities, Weirdness & Mutations

You are small and have problems with some larger weapons.
You are carnivorous and can eat meat at any time.


Message History

You barely miss Grinder.
Grinder grins, showing sharp teeth.
Grinder struggles against the net.
You hit Grinder.
Grinder is lightly wounded.
Grinder gestures at you.
You barely resist.
Grinder struggles against the net.
You hit Grinder but do no damage.
Grinder is lightly wounded.
You hit Grinder.
Grinder is lightly wounded.
Grinder struggles against the net.
You strike the helpless Grinder from behind!
You hit Grinder.
Grinder is moderately wounded.
Grinder blinks!
The orc barely misses you.
You see here a throwing net.
You hit the orc but do no damage. The orc hits you with a +0 club.
You die...

.........# ...#
.# ####.....#
...####.# #.....#
...5...# #.....#
#......###
#.....#
###.......$.
###.###
##..)....####
#..#
#...........#
######.##
#...o........
.........#
#.##@##......
######.#.##
#)##.# ......
...#..###.##.##
.....
######.##......#
.....
................#
##.#
.#######.####...#
.# .... #...#
###..# #...# ##.#
#...#


You could see Grinder and an orc.

Vanquished Creatures
  Jessica (D:2)
  An ooze (D:2)
  2 worms (D:2)
  A leopard gecko (D:1)
  2 giant cockroaches (D:1)
  4 hobgoblins
  3 jackals (D:2)
  A quokka (D:2)
  3 bats
  A frilled lizard (D:2)
  3 goblins (D:1)
  5 kobolds
  2 rats
29 creatures vanquished.

Notes
Turn   | Place    | Note
-------+----------+-------------------------------------------
     0 | D:1      | Borgoz the Kobold Gladiator began the quest for the Orb.
     0 | D:1      | Reached XP level 1. HP: 12/12 MP: 1/1
   119 | D:1      | Reached XP level 2. HP: 9/17 MP: 2/2
   648 | D:2      | Reached XP level 3. HP: 18/22 MP: 3/3
  1176 | D:2      | Found a stormy altar of Qazlal.
  1211 | D:2      | Noticed Jessica
  1225 | D:2      | HP: 1/22 [Jessica/nerve-wracking pain (7)]
  1227 | D:2      | Killed Jessica
  1227 | D:2      | Reached XP level 4. HP: 2/27 MP: 4/4
  1545 | D:2      | Found a shadowy altar of Dithmenos.
  1549 | D:2      | Found a shimmering altar of Xom.
  1667 | D:2      | Reached skill level 5 in Short Blades
  1856 | D:3      | Noticed Grinder
  1861 | D:3      | Paralysed by Grinder for 3 turns
  1863 | D:3      | HP: 1/27 [Grinder/nerve-wracking pain (10)]
  1874 | D:3      | Slain by an orc

Skill      XL: |  1  2  3  4 |
---------------+-------------+-----
Dodging        | 4 |  4.5
Short Blades   | 5 |  5.0
Fighting       | |  2.4
Throwing       | |  2.3
Armour         | |  0.8
Stealth        | |  0.7

Action                   |  1- 3 |  4- 6 || total
-------------------------+-------+-------++-------
Melee: Rapier            |    83 |    20 ||   103
Throw: Throwing net      |     4 |     1 ||     5
 Stab: Held in net/web   |     2 |     1 ||     3
  Eat: Chunk             |     7 |     4 ||    11
Armor: Leather armour    |    16 |     1 ||    17
Dodge: Dodged            |    70 |    14 ||    84
